 Dungeon Crawl Stone Soup version 0.18-a0-97-g9c2abca (webtiles) character file.

2 Duffy the Caller (level 1, 0/14 HPs)
             Began as a Draconian Summoner on Nov 14, 2015.
             Slain by a quokka (3 damage)
             ... on level 1 of the Dungeon.
             The game lasted 00:00:31 (306 turns).

Duffy the Caller (Draconian Summoner)                Turns: 306, Time: 00:00:31

Health: 0/14       AC:  4    Str: 10    XL:     1   Next: 33%
Magic:  1/3        EV: 12    Int: 15    God:
Gold:   9          SH:  0    Dex: 11    Spells: 1 memorised, 3 levels left

rFire  . . .     SeeInvis .     (no weapon)
rCold  . . .     Clarity  .     (armour unavailable)
rNeg   . . .     SustAt   .     (no shield)
rPois  .         Gourm    .     (helmet restricted)
rElec  .         Spirit   .     (no cloak)
rCorr  .         Warding  .     (no gloves)
rMut   .         Stasis   .     (no boots)
MR     .....                    (no amulet)
Stlth  ++........               (no ring)
                                (no ring)

@: not resistant to hostile enchantments, unstealthy
A: unfitting armour, cold-blooded, AC +4
a: no special abilities


You were on level 1 of the Dungeon.
You were not hungry.

You visited 1 branch of the dungeon, and saw 1 of its levels.

You collected 9 gold pieces.


Innate Abilities, Weirdness & Mutations

Your plain brown scales are hard (AC +4).
Your body does not fit into most forms of armour.
You are cold-blooded and may be slowed by cold attacks.


   Skills:
 - Level 1.7 Dodging
 - Level 1.7 Stealth
 + Level 2.0 Spellcasting
 + Level 4.1 Summonings


You had 3 spell levels left.
You knew the following spells:

 Your Spells              Type           Power        Failure   Level  Hunger
a - Summon Small Mammal   Summ           ##..         4%          1    #......

Inventory:

Missiles
 e - 25 stones (quivered)
Scrolls
 g - a scroll of noise {unknown}
Potions
 c - 3 potions of flight {unknown}
 d - a potion of lignification {unknown}
 h - a potion of brilliance {unknown}
Books
 a - a book of Callings
Comestibles
 b - 2 bread rations
 f - a meat ration

Dungeon Overview and Level Annotations

Branches:
Dungeon (1/15)

Altars:


Message History

Your bat hits the goblin. The goblin misses you.
Your bat hits the goblin.
The goblin dies!
Your bat barely misses the quokka.
The quokka bites you.
Your bat hits the quokka but does no damage.
Your bat closely misses the goblin.
The quokka bites you.
Your bat barely misses the goblin.
The goblin hits you with a club.
Your bat hits the quokka but does no damage.
Your bat misses the goblin.
The quokka bites you but does no damage.
Your bat hits the quokka but does no damage.
Your bat barely misses the quokka.
Your bat hits the goblin.
Your bat barely misses the quokka.
The quokka bites you but does no damage.
The goblin hits you but does no damage.
Your bat barely misses the quokka.
Your bat closely misses the quokka.
Your bat hits the quokka but does no damage.
The quokka barely misses you. The quokka bites you.
Your bat hits the quokka.
Your bat hits the quokka but does no damage.
Your bat hits the goblin. The goblin hits you with a club.
The quokka misses you.
Your bat closely misses the quokka.
Your bat hits the quokka but does no damage.
The quokka barely misses you. The goblin hits you but does no damage.
Your bat closely misses the quokka. x2
The quokka closely misses you.
Your bat hits the goblin.
Your bat barely misses the quokka. x2
The quokka closely misses you. The goblin completely misses you.
Your bat completely misses the quokka.
Your bat hits the quokka but does no damage.
The quokka barely misses you.
Your bat misses the quokka. The goblin closely misses you.
The quokka barely misses you.
Your bat disappears in a puff of smoke!
Your bat closely misses the quokka.
The quokka bites you.
You die...

.........##..#
.........##.## .........##.#
............. #.#
............. #(# ...
........###.###### ##.>
#........#......## ##..#
###...§r.........## #...
#....g@.†........#
##..#######................#
..........#........b.......#
#$.######..................#
♣.♣..# ###................#
.. ..# #................# ..
.## ##..............## %. .#
##..>..##.....## ♣# ##
##############


You could see a quokka, a goblin and a friendly bat.

Action                   || total
-------------------------++-------
 Cast: Summon Small Mamm ||    14

Notes
Turn   | Place    | Note
--------------------------------------------------------------
     0 | D:1      | Duffy the Draconian Summoner began the quest for the Orb.
     0 | D:1      | Reached XP level 1. HP: 14/14 MP: 3/3
   306 | D:1      | Slain by a quokka

Vault maps used:
D:1:      minmay_arrival_wavy_path, serial_forest, infiniplex_forest_clump_tiny,
          infiniplex_forest_clump_curved, infiniplex_forest_lined_room_,
          infiniplex_forest_lined_3_way, infiniplex_forest_clump_large,
          infiniplex_forest_lined_room_2, infiniplex_forest_end_2,
          infiniplex_forest_zigzag_1

Vanquished Creatures
  A goblin
  A hobgoblin
  A bat
  A rat
4 creatures vanquished.
